 Dungeon Crawl Stone Soup version 0.28-a0-119-ga52ba8600a (webtiles) character file.

Game seed: 12191098161953364615

680 voltaire321 the Chopper (level 7, -4/60 HPs)
             Began as a Minotaur Gladiator on Aug 14, 2021.
             Slain by Blork the orc (6 damage)
             ... on level 4 of the Dungeon.
             The game lasted 00:08:06 (2991 turns).

voltaire321 the Chopper (Minotaur Gladiator)        Turns: 2991, Time: 00:08:06

Health: -4/60      AC:  5    Str: 20    XL:     7   Next: 34%
Magic:  6/6        EV: 12    Int:  6    God:
Gold:   189        SH:  0    Dex: 11    Spells: 6/6 levels left

rFire   . . .      SeeInvis .   a - +0 war axe
rCold   . . .      Faith    .   (no shield)
rNeg    . . .      Spirit   .   o - +0 ring mail
rPois   .          Reflect  .   c - +0 hat
rElec   .          Harm     .   (no cloak)
rCorr   .          Rampage  .   (no gloves)
Will    .....                   (no boots)
Stlth   +.........              (no amulet)
HPRegen 0.20/turn               (no ring)
MPRegen 0.10/turn               (no ring)

@: no status effects
A: horns 2, retaliatory headbutt
a: no special abilities


You were on level 4 of the Dungeon.
You visited 1 branch of the dungeon, and saw 4 of its levels.

You collected 189 gold pieces.

Inventory:

Hand Weapons
 a - a +0 war axe (weapon)
Missiles
 d - 3 throwing nets
 e - 3 curare-tipped darts (quivered)
 l - 9 boomerangs
Armour
 c - a +0 hat (worn)
 o - a +0 ring mail (worn)
Jewellery
 k - a ring of flight
Scrolls
 b - a scroll of identify {unknown}
 g - 2 scrolls of teleportation {unknown}
 i - a scroll of enchant weapon {unknown}
 j - 2 scrolls of fear {unknown}
 n - 2 scrolls of immolation {unknown}
 p - a scroll of vulnerability {unknown}
Potions
 f - a potion of might {unknown}
 h - a potion of cancellation {unknown}
 m - a potion of curing {unknown}


   Skills:
 + Level 4.9 Fighting
 + Level 5.5 Axes
 + Level 4.0 Throwing
 + Level 4.0 Armour
 + Level 5.1 Dodging


You had 6 spell levels left.
You didn't know any spells.
Your spell library contained the following spells:

 Spells                   Type           Power      Damage    Failure   Level
 Blink                    Tloc           N/A        N/A       77%         2
 Slow                     Hex            0%         N/A       77%         2
 Confusing Touch          Hex            0%         N/A       94%         3
 Ignite Poison            Fire/Tmut/Pois 0%         N/A       94%         3
 Lesser Beckoning         Tloc           0%         N/A       94%         3
 Mephitic Cloud           Conj/Pois/Air  0%         N/A       94%         3
 Vampiric Draining        Necr           0%         2d6       94%         3
 Bolt of Magma            Conj/Fire/Erth 0%         4d4       100%        5
 Manifold Assault         Tloc           0%         N/A       100%        5


Dungeon Overview and Level Annotations

Branches:
Dungeon (4/15)
 Temple: D:4-7

Altars:
Ashenzari
Kikubaaqudgha

Annotations:
D:4 Blork the orc


Innate Abilities, Weirdness & Mutations

You have a pair of horns on your head.
You reflexively headbutt those who attack you in melee.


Message History

Sigmund is almost dead.
Sigmund points at you and mumbles some strange words.
The magic dart hits you.
Blork the orc mumbles some strange words.
Blork the orc seems to speed up.
You slash Sigmund!
You kill Sigmund!
Blork the orc gestures at you while chanting.
The magic dart hits you! Blork the orc casts a spell at you.
The puff of frost hits you.
Your Throwing skill increases to level 4!
Your Armour skill increases to level 4!
Your Dodging skill increases to level 5!
Throw: 4 darts (curare)
Press: ? - help, Q - select action, (/) - cycle Shift-Dir - straight line, f - Blork the orc
Aim: Blork the orc, wielding a +2 glaive of protection and wearing a +0 robe (fast, 64% to hit)
You throw a curare-tipped dart.
The curare-tipped dart hits Blork the orc.
Blork the orc is poisoned.
Blork the orc convulses.
Blork the orc seems to slow down.
Blork the orc is lightly wounded.
A scorpion comes into view.
Blork the orc misses you. You furiously retaliate!
You headbutt Blork the orc, but do no damage.
Items here: ! $ ) ? [.
You hit Blork the orc.
Blork the orc is moderately wounded.
Blork the orc hits you with a +2 glaive of protection!
* * * LOW HITPOINT WARNING * * *
Blork the orc closely misses you.
You hit Blork the orc but do no damage.
Blork the orc is heavily wounded.
Blork the orc hits you with a +2 glaive of protection.
* * * LOW HITPOINT WARNING * * *
You hit Blork the orc.
You headbutt Blork the orc, but do no damage.
Blork the orc is severely wounded.
Blork the orc hits you with a +2 glaive of protection.
You die...

.................#
#.####^###..#
...........####.####.#
#....### ..###.#.#.#
#...#.^# ##.#.^# .#
#.#.#.# #.#..^##
#.#### #.#.#.# #.#####
### ..<.#.# #.# ####
###.####.## .....
.........#.....#
........@o.....#
##..####s.!....# #.
#(.#...## # #..#...#
#..# ..# .... ...
#..#. . ....


You could see Blork the orc (fast, very poisoned, slow) and a scorpion.

Vanquished Creatures
  Sigmund (D:4)
  A phantom (D:2)
  5 scorpions (D:4)
  A jelly (D:4)
  An orc wizard (D:2)
  An adder (D:2)
  2 adder skeletons
  4 dart slugs
  9 orcs
  An endoplasm (D:1)
  7 giant cockroaches
  3 goblins
  8 hobgoblins
  4 jackals
  3 quokkas
  4 ball pythons
  5 bats
  2 frilled lizards
  7 kobolds
  5 rats
74 creatures vanquished.

Vanquished Creatures (others)
  4 fungi (D:4)
4 creatures vanquished.

Grand Total: 78 creatures vanquished

Notes
Turn   | Place    | Note
-------+----------+-------------------------------------------
     0 | D:1      | voltaire321 the Minotaur Gladiator began the quest for the
                  | Orb.
     0 | D:1      | Reached XP level 1. HP: 18/18 MP: 0/0
   142 | D:1      | Reached XP level 2. HP: 20/25 MP: 1/1
   418 | D:1      | Reached skill level 1 in Armour
   776 | D:2      | Reached XP level 3. HP: 28/30 MP: 2/2
   966 | D:2      | Reached XP level 4. HP: 23/38 MP: 3/3
  1100 | D:2      | Found a faded altar of an unknown god.
  1192 | D:2      | Noticed a phantom
  1202 | D:2      | Killed a phantom
  1203 | D:2      | Reached XP level 5. HP: 27/45 MP: 4/4
  1767 | D:3      | Found a broken altar of Ashenzari.
  1779 | D:3      | Found an ancient bone altar of Kikubaaqudgha.
  2407 | D:4      | Noticed Sigmund
  2408 | D:4      | Reached XP level 6. HP: 51/52 MP: 5/5
  2497 | D:4      | Reached skill level 5 in Axes
  2733 | D:4      | Reached XP level 7. HP: 18/60 MP: 6/6
  2982 | D:4      | Noticed Blork the orc
  2986 | D:4      | Killed Sigmund
  2987 | D:4      | Reached skill level 5 in Dodging
  2990 | D:4      | HP: 2/60 [Blork the orc (4)]
  2991 | D:4      | Slain by Blork the orc

Illustrated notes

Levels and vault maps discovered:
D:1:      dpeg_arrival_water_fire, layout_basic, minmay_pentomino_w2
D:2:      layout_rooms, hellmonk_ecumenical_altar_pennies_from_heaven
D:3:      layout_basic, cheibrodos_ashenzari_chains, amcnicky_altar_gilded
D:4:      old_forge, layout_loops_ring, uniq_sigmund, uniq_natasha,
          uniq_blork_the_orc

Skill      XL: |  1  2  3  4  5  6  7 |
---------------+----------------------+-----
Armour         | 1 2 3 4 |  4.0
Axes           | 4 5 |  5.5
Fighting       | 3 4 |  4.9
Throwing       | 3 4 |  4.0
Dodging        | 4 5 |  5.1

Action                   |  1- 3 |  4- 6 |  7- 9 || total
-------------------------+-------+-------+-------++-------
Melee: War axe           |    52 |    89 |    12 ||   153
       Headbutt          |     7 |    20 |     6 ||    33
Throw: Dart              |       |       |     2 ||     2
Armor: Leather armour    |    16 |     5 |       ||    21
       Ring mail         |       |    18 |       ||    18
Dodge: Dodged            |    31 |    54 |     4 ||    89

Table legend: (Time is in decaauts)
 A = Elapsed time spent in this place.
 B = Non-inter-level travel time spent in this place.
 C = Inter-level travel time spent in this place.
 D = Time resting spent in this place.
 E = Time spent auto-exploring this place.
 F = Levels seen in this place.
 G = Mean time per level.
                   A        B        C        D        E       F      G
               +--------+--------+--------+--------+--------+-----+--------+
         Total |   3033 |   2859 |    174 |    748 |   1611 |   4 |  758.2 |
       Dungeon |   3033 |   2859 |    174 |    748 |   1611 |   4 |  758.2 |
               +--------+--------+--------+--------+--------+-----+--------+

Top non-repeatable levels by time:
     D:2: 811 daAuts
     D:1: 753 daAuts
     D:4: 739 daAuts
     D:3: 729 daAuts
